TOP OF THE 1ST |
Virginia Beach Deuces batting - Pitching for Springfield Shooters : RHP Pedro Lara
|
Pitching: RHP Pedro Lara
|
|
Batting: SHB Leo Szilard
|
0-0: Swinging Strike 0-1: Ball 1-1: Fly out, F7 (Flyball, 78M)
|
Batting: RHB Jack Head
|
0-0: Called Strike 0-1: Ball 1-1: Ball 2-1: Foul Ball, location: 2F 2-2: Ball 3-2: Foul Ball, location: 2F 3-2: Base on Balls
|
Batting: RHB Owen Cannon
|
0-0: Ball 1-0: Swinging Strike 1-1: Called Strike 1-2: Ball 2-2: Ball 3-2: Foul Ball, location: 2F 3-2: Strikes out looking
|
Batting: RHB Cam MacIntosh
|
0-0: Ball 1-0: Ball 2-0: Foul Ball, location: 2F 2-1: Ball 3-1: Base on Balls Jack Head to second
|
Batting: LHB Ramón Castro
|
0-0: Ball 1-0: Foul Ball, location: 2F 1-1: Ball 2-1: Ball 3-1: Reached on error, E6 (Groundball, 6) Jack Head to third Cam MacIntosh to second
|
Batting: RHB James Hill
|
0-0: Called Strike 0-1: Foul Ball, location: 2F 0-2: Foul Ball, location: 2F 0-2: SINGLE (Groundball, 56D) Jack Head scores Cam MacIntosh to third Ramón Castro to second Runner from 3rd tries for Home, SAFE, no throw
|
Batting: RHB Jody Lemoine
|
0-0: Ball 1-0: Called Strike 1-1: Foul Ball, location: 2F 1-2: Ground out 5-3 (Groundball, 56S)
|
Top of the 1st over - 2 runs, 1 hit, 1 error, 2 left on base; Virginia Beach 2 - Springfield 0 |
BOTTOM OF THE 1ST |
Springfield Shooters batting - Pitching for Virginia Beach Deuces : LHP Tzu-hsia Ong
|
Pitching: LHP Tzu-hsia Ong
|
|
Batting: RHB Eun-bum Kim
|
0-0: Called Strike 0-1: Called Strike 0-2: Strikes out swinging
|
Batting: RHB Sébastien Bernard
|
0-0: Ball 1-0: Called Strike 1-1: Ball 2-1: SINGLE (Line Drive, 78M)
|
Batting: RHB Lee Charles
|
0-0: Ball 1-0: Ball 2-0: Fly out, F8 (Flyball, 8RM)
|
Batting: SHB Billy Dotson
|
0-0: Called Strike 0-1: Ball 1-1: Foul Ball, location: 2F 1-2: Ball 2-2: Fly out, F7 (Flyball, 78XD)
|
Bottom of the 1st over - 0 runs, 1 hit, 0 errors, 1 left on base; Virginia Beach 2 - Springfield 0 |
TOP OF THE 2ND |
Virginia Beach Deuces batting - Pitching for Springfield Shooters : RHP Pedro Lara
|
Batting: RHB Tevin McTevin
|
0-0: Called Strike 0-1: Ball 1-1: Foul Ball, location: 2F 1-2: Ball 2-2: Strikes out swinging
|
Batting: RHB Richard Sonntag
|
0-0: Ball 1-0: Swinging Strike 1-1: Called Strike 1-2: SINGLE (Groundball, 4MD)
|
Batting: SHB Leo Szilard
|
0-0: Called Strike 0-1: Foul Ball, location: 2F 0-2: Fly out, F7 (Flyball, 78M)
|
Batting: RHB Jack Head
|
0-0: Foul Ball, location: 2F 0-1: Swinging Strike 0-2: DOUBLE (Line Drive, 7LD) Richard Sonntag to third
|
Batting: RHB Owen Cannon
|
0-0: Swinging Strike 0-1: Foul Ball, location: 2F 0-2: Ball 1-2: Foul Ball, location: 2F 1-2: Ball 2-2: Ball 3-2: Base on Balls
|
Batting: RHB Cam MacIntosh
|
0-0: Hit by Pitch Richard Sonntag scores Jack Head to third Owen Cannon to second
|
Batting: LHB Ramón Castro
|
0-0: Ball 1-0: Ball 2-0: Called Strike 2-1: Swinging Strike 2-2: Foul Ball, location: 2F 2-2: Foul Ball, location: 2F 2-2: Foul Ball, location: 2F 2-2: Foul Ball, location: 2F 2-2: Ground out 6-3 (Groundball, 6S)
|
Top of the 2nd over - 1 run, 2 hits, 0 errors, 3 left on base; Virginia Beach 3 - Springfield 0 |
BOTTOM OF THE 2ND |
Springfield Shooters batting - Pitching for Virginia Beach Deuces : LHP Tzu-hsia Ong
|
Batting: LHB Armando Rodríguez
|
0-0: Ground out 6-3 (Groundball, 6)
|
Batting: RHB Lee Allen
|
0-0: Fly out, F8 (Flyball, 8RM)
|
Batting: LHB Daniel Faraday
|
0-0: Called Strike 0-1: Fly out, F3 (Popup, 3SF)
|
Bottom of the 2nd over - 0 runs, 0 hits, 0 errors, 0 left on base; Virginia Beach 3 - Springfield 0 |
TOP OF THE 3RD |
Virginia Beach Deuces batting - Pitching for Springfield Shooters : RHP Pedro Lara
|
Batting: RHB James Hill
|
0-0: Ball 1-0: TRIPLE (Line Drive, 89XD)
|
Batting: RHB Jody Lemoine
|
0-0: Ball 1-0: Ball 2-0: Ball 3-0: Called Strike 3-1: Called Strike 3-2: Base on Balls
|
Batting: RHB Tevin McTevin
|
0-0: Called Strike 0-1: Ball 1-1: Foul Ball, location: 2F 1-2: Grounds into double play, 6-4-3 (Groundball, 6) James Hill scores
|
Batting: RHB Richard Sonntag
|
0-0: Ball 1-0: Ball 2-0: Foul Ball, location: 2F 2-1: Ball 3-1: Base on Balls
|
Batting: SHB Leo Szilard
|
0-0: Ball 1-0: Called Strike 1-1: Fly out, F8 (Flyball, 8LD)
|
Top of the 3rd over - 1 run, 1 hit, 0 errors, 1 left on base; Virginia Beach 4 - Springfield 0 |
BOTTOM OF THE 3RD |
Springfield Shooters batting - Pitching for Virginia Beach Deuces : LHP Tzu-hsia Ong
|
Batting: RHB Francisco Gonzáles
|
0-0: Foul Ball, location: 2F 0-1: Swinging Strike 0-2: Ball 1-2: Ground out 6-3 (Groundball, 6)
|
Batting: RHB Júlio Barajas
|
0-0: DOUBLE (Flyball, 8LXD)
|
Batting: RHB Eun-bum Kim
|
0-0: Ball 1-0: Called Strike 1-1: Ball 2-1: SINGLE (Line Drive, 9LM) Júlio Barajas to third
|
Batting: RHB Sébastien Bernard
|
0-0: Called Strike 0-1: Ball 1-1: Ball 2-1: Swinging Strike 2-2: Ball 3-2: Strikes out swinging Eun-bum Kim steals 2nd base Batter strikes out.
|
Batting: RHB Lee Charles
|
0-0: Swinging Strike 0-1: Ball 1-1: Swinging Strike 1-2: Ball 2-2: Foul Ball, location: 2F 2-2: Strikes out swinging
|
Bottom of the 3rd over - 0 runs, 2 hits, 0 errors, 2 left on base; Virginia Beach 4 - Springfield 0 |
TOP OF THE 4TH |
Virginia Beach Deuces batting - Pitching for Springfield Shooters : RHP Pedro Lara
|
Batting: RHB Jack Head
|
0-0: Ball 1-0: Called Strike 1-1: Called Strike 1-2: Ball 2-2: Ground out 2-3 (Groundball, 15S)
|
Pitching: LHP Otte Leuthold
|
|
Batting: RHB Owen Cannon
|
0-0: Swinging Strike 0-1: Ball 1-1: Foul Ball, location: 2F 1-2: Strikes out swinging
|
Batting: RHB Cam MacIntosh
|
0-0: Called Strike 0-1: SINGLE (Line Drive, 78M)
|
Batting: LHB Ramón Castro
|
0-0: Ball 1-0: Ball 2-0: Foul Ball, location: 2F 2-1: Foul Ball, location: 2F 2-2: SINGLE (Line Drive, 89M) Cam MacIntosh to second
|
Batting: RHB James Hill
|
0-0: Called Strike 0-1: Ground out 4-3 (Groundball, 4)
|
Top of the 4th over - 0 runs, 2 hits, 0 errors, 2 left on base; Virginia Beach 4 - Springfield 0 |
BOTTOM OF THE 4TH |
Springfield Shooters batting - Pitching for Virginia Beach Deuces : LHP Tzu-hsia Ong
|
Batting: SHB Billy Dotson
|
0-0: Ball 1-0: Foul Ball, location: 2F 1-1: Swinging Strike 1-2: Ball 2-2: Ball 3-2: SINGLE (Line Drive, 8RS)
|
Batting: LHB Armando Rodríguez
|
0-0: Ball 1-0: SINGLE (Groundball, 34D) Billy Dotson to second Runner from 2nd tries for 3rd, SAFE, throw made to third
|
Batting: RHB Lee Allen
|
0-0: Ball 1-0: Ball 2-0: Swinging Strike 2-1: Swinging Strike 2-2: Grounds into double play, 1-6-3 (Groundball, 13S)
|
Batting: LHB Daniel Faraday
|
0-0: Ball 1-0: Ball 2-0: Swinging Strike 2-1: Ball 3-1: Base on Balls
|
Batting: RHB Francisco Gonzáles
|
0-0: Ball 1-0: Foul Ball, location: 2F 1-1: Ball 2-1: Foul Ball, location: 2F 2-2: Foul Ball, location: 2F 2-2: SINGLE (Line Drive, 6MD) Billy Dotson scores Daniel Faraday to second
|
Batting: RHB Júlio Barajas
|
0-0: Called Strike 0-1: Ball 1-1: Fielders Choice at 2nd, 6-4 (Groundball, 6)
|
Bottom of the 4th over - 1 run, 3 hits, 0 errors, 2 left on base; Virginia Beach 4 - Springfield 1 |
TOP OF THE 5TH |
Virginia Beach Deuces batting - Pitching for Springfield Shooters : LHP Otte Leuthold
|
Batting: RHB Jody Lemoine
|
0-0: Ball 1-0: Foul Ball, location: 2F 1-1: Foul Ball, location: 2F 1-2: Foul Ball, location: 2F 1-2: SINGLE (Groundball, 6MD)
|
Batting: RHB Tevin McTevin
|
0-0: Sac Bunt - play at second, runner OUT! 3-6
|
Batting: RHB Richard Sonntag
|
0-0: Ball Tevin McTevin steals 2nd base 1-0: Ball 2-0: Ground out 5-3 (Groundball, 56)
|
Batting: SHB Leo Szilard
|
0-0: Ball 1-0: Ground out 4-3 (Groundball, 4)
|
Top of the 5th over - 0 runs, 1 hit, 0 errors, 1 left on base; Virginia Beach 4 - Springfield 1 |
BOTTOM OF THE 5TH |
Springfield Shooters batting - Pitching for Virginia Beach Deuces : LHP Tzu-hsia Ong
|
Batting: RHB Eun-bum Kim
|
0-0: Ball 1-0: Fly out, F9 (Flyball, 9LS)
|
Now in RF: Juan Perales
|
|
Batting: RHB Sébastien Bernard
|
0-0: Ball 1-0: Foul Ball, location: 2F 1-1: SINGLE (Line Drive, 8LS)
|
Batting: RHB Lee Charles
|
0-0: Ball 1-0: Fly out, F6 (Line Drive, 6)
|
Batting: SHB Billy Dotson
|
0-0: Called Strike 0-1: Ball 1-1: Fielders Choice at 2nd, 6-4 (Groundball, 6)
|
Bottom of the 5th over - 0 runs, 1 hit, 0 errors, 1 left on base; Virginia Beach 4 - Springfield 1 |
TOP OF THE 6TH |
Virginia Beach Deuces batting - Pitching for Springfield Shooters : LHP Otte Leuthold
|
Batting: RHB Jack Head
|
0-0: Ball 1-0: Ball 2-0: Called Strike 2-1: Swinging Strike 2-2: Ball 3-2: DOUBLE (Flyball, 78D)
|
Batting: SHB Juan Perales
|
0-0: Foul Ball, location: 2F 0-1: Ball 1-1: Foul Ball, location: 2F 1-2: Ball 2-2: Strikes out swinging
|
Batting: RHB Cam MacIntosh
|
0-0: Called Strike 0-1: Ball 1-1: Foul Ball, location: 2F 1-2: Strikes out looking
|
Batting: LHB Ramón Castro
|
0-0: Called Strike 0-1: Foul Ball, location: 2F 0-2: Ball 1-2: Ball 2-2: Ground out 3-1 (Groundball, 34)
|
Top of the 6th over - 0 runs, 1 hit, 0 errors, 1 left on base; Virginia Beach 4 - Springfield 1 |
BOTTOM OF THE 6TH |
Springfield Shooters batting - Pitching for Virginia Beach Deuces : LHP Tzu-hsia Ong
|
Batting: LHB Armando Rodríguez
|
0-0: Foul Ball, location: 2F 0-1: Fly out, F8 (Flyball, 8RD)
|
Batting: RHB Lee Allen
|
0-0: Called Strike 0-1: Swinging Strike 0-2: Ball 1-2: Ball 2-2: Ball 3-2: Foul Ball, location: 2F 3-2: Ground out 5-3 (Groundball, 56)
|
Batting: LHB Daniel Faraday
|
0-0: Swinging Strike 0-1: Ball 1-1: Called Strike 1-2: Strikes out swinging
|
Bottom of the 6th over - 0 runs, 0 hits, 0 errors, 0 left on base; Virginia Beach 4 - Springfield 1 |
TOP OF THE 7TH |
Virginia Beach Deuces batting - Pitching for Springfield Shooters : LHP Otte Leuthold
|
Batting: RHB James Hill
|
0-0: Ground out 3-1 (Groundball, 34)
|
Batting: RHB Jody Lemoine
|
0-0: Foul Ball, location: 2F 0-1: Swinging Strike 0-2: Ball 1-2: Strikes out swinging
|
Batting: RHB Tevin McTevin
|
0-0: Fly out, F7 (Flyball, 7)
|
Top of the 7th over - 0 runs, 0 hits, 0 errors, 0 left on base; Virginia Beach 4 - Springfield 1 |
BOTTOM OF THE 7TH |
Springfield Shooters batting - Pitching for Virginia Beach Deuces : LHP Tzu-hsia Ong
|
Batting: RHB Francisco Gonzáles
|
0-0: Ball 1-0: Swinging Strike 1-1: Swinging Strike 1-2: Foul Ball, location: 2F 1-2: Ground out 3-1 (Groundball, 34)
|
Batting: RHB Júlio Barajas
|
0-0: Ball 1-0: Ball 2-0: Foul Ball, location: 2F 2-1: Foul Ball, location: 2F 2-2: Ground out 6-3 (Groundball, 6)
|
Batting: RHB Eun-bum Kim
|
0-0: Foul Ball, location: 2F 0-1: Ball 1-1: SINGLE (Groundball, 4MD)
|
Batting: RHB Sébastien Bernard
|
0-0: Fielders Choice at 2nd, 5-4 (Groundball, 5L)
|
Bottom of the 7th over - 0 runs, 1 hit, 0 errors, 1 left on base; Virginia Beach 4 - Springfield 1 |
TOP OF THE 8TH |
Virginia Beach Deuces batting - Pitching for Springfield Shooters : LHP Otte Leuthold
|
Batting: RHB Richard Sonntag
|
0-0: Called Strike 0-1: Swinging Strike 0-2: Ground out 5-3 (Groundball, 56)
|
Batting: SHB Leo Szilard
|
0-0: Ball 1-0: Fly out, F8 (Flyball, 8LM)
|
Batting: RHB Jack Head
|
0-0: Foul Ball, location: 2F 0-1: Swinging Strike 0-2: Ball 1-2: Ball 2-2: SOLO HOME RUN (Flyball, 7LD), Distance : 358 ft
|
Batting: SHB Juan Perales
|
0-0: Ball 1-0: Fly out, F8 (Flyball, 8RM)
|
Top of the 8th over - 1 run, 1 hit, 0 errors, 0 left on base; Virginia Beach 5 - Springfield 1 |
BOTTOM OF THE 8TH |
Springfield Shooters batting - Pitching for Virginia Beach Deuces : LHP Tzu-hsia Ong
|
Batting: RHB Lee Charles
|
0-0: Ball 1-0: Foul Ball, location: 2F 1-1: Ball 2-1: Foul Ball, location: 2F 2-2: Ball 3-2: Ground out 5-3 (Groundball, 56S)
|
Pitching: LHP Aurelio Ornelas
|
|
Batting: SHB Billy Dotson
|
0-0: Foul Ball, location: 2F 0-1: Foul Ball, location: 2F 0-2: Ball 1-2: Ball 2-2: Foul Ball, location: 2F 2-2: Fly out, F9 (Flyball, 89M)
|
Batting: LHB Armando Rodríguez
|
0-0: Called Strike 0-1: Fly out, F9 (Flyball, 9LS)
|
Bottom of the 8th over - 0 runs, 0 hits, 0 errors, 0 left on base; Virginia Beach 5 - Springfield 1 |
TOP OF THE 9TH |
Virginia Beach Deuces batting - Pitching for Springfield Shooters : LHP Otte Leuthold
|
Batting: RHB Cam MacIntosh
|
0-0: Ball 1-0: Ball 2-0: Swinging Strike 2-1: Foul Ball, location: 2F 2-2: Strikes out swinging
|
Batting: LHB Ramón Castro
|
0-0: Swinging Strike 0-1: Swinging Strike 0-2: Foul Ball, location: 2F 0-2: Strikes out swinging
|
Batting: RHB James Hill
|
0-0: Ball 1-0: SINGLE (Groundball, 34S) (infield hit)
|
Pitching: RHP Rex Negrete
|
|
Batting: RHB Jody Lemoine
|
0-0: Fly out, F8 (Flyball, 89D)
|
Top of the 9th over - 0 runs, 1 hit, 0 errors, 1 left on base; Virginia Beach 5 - Springfield 1 |
BOTTOM OF THE 9TH |
Springfield Shooters batting - Pitching for Virginia Beach Deuces : LHP Aurelio Ornelas
|
Pitching: RHP Olegário Pa
|
|
Batting: RHB Lee Allen
|
0-0: Fly out, F9 (Flyball, 9LSF)
|
Batting: LHB Daniel Faraday
|
0-0: Foul Ball, location: 2F 0-1: Ball 1-1: Fly out, F7 (Flyball, 78XD)
|
Batting: RHB Francisco Gonzáles
|
0-0: Foul Ball, location: 2F 0-1: Fly out, F8 (Flyball, 78D)
|
Bottom of the 9th over - 0 runs, 0 hits, 0 errors, 0 left on base; Virginia Beach 5 - Springfield 1 |
|